Map: 贝克特工业-天梯版

Players

玩家2 - Winner!

  • Race: Zerg Zerg

CommandeR

  • Race: Protoss Protoss
  • League: Diamond

VOD

Have the link to the VOD?

Description

Time

  • Played on: March 6, 2022, 10:13 p.m.
  • Length: 5:43
Show
View Real Time Build Order
Export as new Build Order

玩家2 Zerg - Winner!

Build Orders: Pool Only 

Get SALT Encoding   

  12  0:01  Drone  
  13  0:12  Overlord  
  13  0:17  Drone  
  14  0:34  Spawning Pool  
  13  0:37  Drone  
  13  0:40  Extractor  
  13  0:44  Drone  
  14  0:53  Overlord  
  14  1:21  Zergling x2  
  14  1:22  Queen  
  17  1:32  Roach Warren  
  16  1:33  Extractor  
  16  1:36  Drone  
  16  1:44  Drone  
  17  1:47  Zergling x2  
  18  2:03  Drone  
  19  2:10  Drone  
  19  2:13  Zergling x2  
  21  2:19  Drone  
  22  2:29  Overlord  
  22  2:33  Drone  
  23  2:39  Roach  
  23  2:41  Drone  
  26  2:48  Drone  
Show
View Real Time Build Order
Export as new Build Order

CommandeR Protoss 

Build Orders: 1 Gate Expand 

Get SALT Encoding   

  12  0:00  Probe  
  13  0:12  Probe  
  14  0:19  Pylon  
  14  0:24  Probe  
  15  0:37  Probe (Chrono Boost)  
  15  0:38  Gateway  
  16  0:49  Assimilator, Probe (Chrono Boost)  
  17  0:55  Probe (Chrono Boost)  
  18  1:04  Probe  
  19  1:16  Probe  
  20  1:25  Nexus  
  20  1:35  Cybernetics Core  
  20  1:37  Probe  
  21  1:45  Assimilator  
  21  1:49  Probe  
  21  1:53  Pylon  
  22  2:01  Probe  
  23  2:08  Adept (Chrono Boost)  
  23  2:13  Probe  
  26  2:22  Stargate  
  26  2:32  Warp Gate  
  26  2:37  Probe (Chrono Boost)  
  26  2:39  Probe (Chrono Boost)  
  26  2:41  Stalker  
  30  2:48  Probe x2 (Chrono Boost)  
  32  2:52  Probe (Chrono Boost)  
  32  2:53  Probe (Chrono Boost)  
  34  3:00  Void Ray (Chrono Boost)  
  34  3:03  Probe  
  34  3:05  Probe  
  40  3:13  Adept  
  42  3:33  Robotics Facility  
  42  3:40  Pylon  
  42  3:52  Twilight Council  
  42  3:59  Gateway  
  42  4:01  Gateway  
  42  4:03  Gateway  
  42  4:06  Gateway  
  42  4:08  Gateway  
  42  4:10  Gateway  
  42  4:16  Warp Prism (Chrono Boost)  
  42  4:19  Charge (Chrono Boost)  
  42  4:20  Zealot  
  46  4:31  Gateway  
  46  4:38  Pylon  
  46  4:39  Pylon  
  46  4:41  Pylon  
  46  4:42  Pylon  
  46  4:43  Zealot  
  48  5:07  Zealot x4  
  48  5:08  Zealot x2  
  48  5:10  Zealot  
  62  5:37  Zealot x2  
  62  5:38  Zealot x4  
  62  5:39  Zealot x2  
Tags
 
Add a new tag
Caveats
  • Supply blocks, unpowered buildings, or Contaminate may cause inaccurate times.
  • Supply counts are checked every 10 seconds.